cohdb
Replays
Latest Replays
All Replays
Popular Replays
Top Player Replays
Match Explorer
How It Works
Community
CoH3 Stats
Reddit
Sign in to upload your games and track your stats! →
Sign in with Steam
Match 45710620
Unlisted
Match 45710620
Overview
Messages
Build Orders
End
Construct Infanterie Kompanie
Selects Terror Battlegroup
Selects Machine Gun Camouflage
Grenadier Squad
MG 42 Machine Gun Team
Sniper
Construct Panzergrenadier Kompanie
Selects Interrogate
Panzergrenadier Squad
251 Medium Carrier
Support Elements
Selects Defend the Fatherland
Pak 40 Anti-tank Gun Team
StuG III G Assault Gun
251 Medium Carrier
Panzergrenadier Squad
Nebelwerfer 42 Rocket Launcher Team
Pioneer Squad
Selects Jericho Trumpet
StuG III G Assault Gun
Side Skirts
Gaylord Thistlebottom VII
Fatbastard
Dr. Alfred Plumville
Christian
ttheadventure
ZENECA
vandezh
Puffrey_Diddlestone
0
0
Comments
sign in to comment!
No comments posted yet!